 Dungeon Crawl Stone Soup version 0.21.1-1-g345015f (webtiles) character file.

4981 glosham the Cleaver (level 10, -1/92 HPs)
             Began as a Troll Berserker on Apr 15, 2018.
             Was a High Priest of Trog.
             Slain by an ice beast (7 damage)
             ... on level 8 of the Dungeon.
             The game lasted 01:40:43 (4626 turns).

glosham the Cleaver (Troll Berserker)               Turns: 4626, Time: 01:40:43

Health: -1/92      AC:  6    Str: 29 (30) XL:     10   Next: 29%
Magic:  9/9        EV: 10    Int:  4      God:    Trog [*****.]
Gold:   357        SH:  0    Dex: 12 (15) Spells: 9/9 levels left

rFire    . . .     SeeInvis .   a - +4 war axe
rCold    . . .     Gourm    +   (no shield)
rNeg     . . .     Faith    .   g - +1 animal skin
rPois    .         Spirit   .   (helmet restricted)
rElec    .         Reflect  .   (no cloak)
rCorr    .         Harm     .   (gloves unavailable)
MR       .....                  (boots unavailable)
Stlth    +.........             z - amulet of regeneration
HPRegen  0.65/turn              A - +3 ring of strength
MPRegen  0.11/turn              B - +4 ring of dexterity

@: berserk cooldown, slowed, very slow
A: large, unfitting armour, claws 3, fast metabolism 3, gourmand, regeneration
1, shaggy fur 1, tough skin 2
a: Berserk, Trog's Hand, Brothers in Arms, Burn Spellbooks, Renounce Religion


You were on level 8 of the Dungeon.
You worshipped Trog.
Trog was extremely pleased with you.
You were very full.

You visited 1 branch of the dungeon, and saw 8 of its levels.
You also visited: Sewer.

You collected 357 gold pieces.

Inventory:

Hand Weapons
 a - a +4 war axe (weapon)
 b - a +5 flail of holy wrath
 c - a -1 spear
 d - a +0 giant spiked club
Missiles
 i - 8 tomahawks (quivered)
 q - 2 throwing nets
Armour
 g - a +1 animal skin (worn)
Magical Staves
 L - an uncursed staff of fire
Jewellery
 x - an uncursed amulet of rage
 y - an uncursed amulet of harm
 z - an amulet of regeneration (around neck)
 A - a +3 ring of strength (left claw)
 B - a +4 ring of dexterity (right claw)
 C - an uncursed ring of protection from cold
 E - an uncursed ring of stealth
 M - an uncursed ring of protection from magic
 N - an uncursed amulet of magic regeneration
Wands
 J - a wand of random effects (2)
Scrolls
 f - 6 scrolls of remove curse
 p - 2 scrolls of amnesia
 s - a scroll of fog
 u - 4 scrolls of fear
 H - 2 scrolls of teleportation
 K - a scroll of magic mapping
Potions
 e - a potion of berserk rage {!q}
 j - 2 potions of curing
 k - 4 potions of magic
 l - 2 potions of flight
 m - a potion of haste
 n - 2 potions of heal wounds
 o - a potion of resistance
 r - 2 potions of mutation {!q}
 v - 3 potions of brilliance
 F - a potion of agility
Books
 I - a book of Debilitation

   Spells                             Type                      Level
   a - Corona                         Hexes                        1
   b - Slow                           Hexes                        2
   c - Inner Flame                    Hexes/Fire                   3
   d - Portal Projectile              Hexes/Translocation          3
   e - Cause Fear                     Hexes                        4
   f - Leda's Liquefaction            Hexes/Earth                  4
   Trog disapproves of the use of such an item.
Comestibles
 h - 2 chunks of flesh
 t - 23 rations


   Skills:
 - Level 4.0 Fighting
 * Level 12.3 Axes
 - Level 2.4 Dodging


You had 9 spell levels left.
You didn't know any spells.

Dungeon Overview and Level Annotations

Branches:
Dungeon (8/15)             Temple (0/1) D:7
   Lair: D:8-11

Altars:
Cheibriados
Fedhas
Gozag
Kikubaaqudgha
Nemelex Xobeh
Qazlal
Trog
Uskayaw
Yredelemnul
The Shining One

Shops:
D:4 %

Annotations:
D:8 Pikel, Psyche


Innate Abilities, Weirdness & Mutations

You are too large for most types of armour.
You have claws for hands.
Your metabolism is lightning-fast.
You like to eat raw meat.
Your natural rate of healing is unusually fast.
You are covered in fur. (AC +1)
You have very tough skin. (AC +2)


Message History

Something tries to affect you, but you resist.
The ice beast hits you.
* * * LOW HITPOINT WARNING * * *
The ice beast freezes you!
* * * LOW HITPOINT WARNING * * *
You hear some strange, mumbled words.
A puff of frost appears from out of thin air!
The puff of frost hits you!
* * * LOW HITPOINT WARNING * * *
You hear a zap.
Something tries to affect you, but you resist.
You feel your anger nearly subside.
You are no longer berserk.
You are exhausted.
You feel yourself slow down.
You feel better. Something hits you.
* * * LOW HITPOINT WARNING * * *
Something burns you.
* * * LOW HITPOINT WARNING * * *
You hear a zap.
Something tries to affect you, but you resist.
Something hits you but does no damage.
Okay, then.
Adjust (i)tems, (s)pells, or (a)bilities?
Adjust which ability? c - Brothers in Arms Adjust to which letter?
B - Brothers in Arms Your ogre goes berserk!
You feel quite a bit less full.
You hear a zap.
Something tries to affect you, but you resist.
You hear some strange, mumbled words.
A magic dart appears from out of thin air!
The magic dart hits you!
* * * LOW HITPOINT WARNING * * *
Something hits you but does no damage. The ice beast hits you.
* * * LOW HITPOINT WARNING * * *
The ice beast freezes you!
You die...

########.# #.# #)#
############...# #.# #.#
##..........#.### #.# #.#
#..#####......##########[###)###
#......................(...<))..
#..8.......8..##########(###†[.#
#.....).........#######..####...
#..8.......8..#.Y...#.....# ....
##.....)......#@?...#.....#.....
#.8..._...8..#.....##...##.....
#(...###.....#O.....#...#......
###..........#......##.##......
###.........###....#.#....###
#########...###.####
#.(...###... #....... .....##


You could see an ice beast and a friendly ogre (berserk).

Vanquished Creatures
  Erica (D:8)
  The ghost of salinator123 the Spear-Bearer, a novice MiFi of Makhleb (D:7)
  A hornet (D:8)
  3 hippogriffs
  A water moccasin (D:7)
  Edmund (D:4)
  Duvessa (D:6)
  A slave (D:7)
  An orc warrior (D:7)
  2 ice beasts (D:6)
  A necrophage (D:6)
  A phantom (D:6)
  3 ogres
  5 centaurs
  A crocodile (D:7)
  A big kobold (D:4)
  A bullfrog (D:6)
  Dowan (D:6)
  4 wights (D:6)
  A howler monkey (D:4)
  3 crimson imps (D:7)
  A bullfrog zombie (D:5)
  6 jellies
  A quasit (D:5)
  4 orc priests
  2 centaur skeletons
  3 hounds
  Terence (D:2)
  Jessica (D:2)
  An iguana (D:7)
  An orc wizard (D:8)
  A killer bee zombie (D:5)
  A hound skeleton (D:4)
  A worker ant zombie (D:6)
  5 gnolls (D:8)
  17 adders
  4 river rats
  A shadow imp (D:7)
  An ooze (D:5)
  2 adder skeletons (D:4)
  5 worms
  3 dart slugs
  3 leopard geckos
  13 orcs
  5 ball pythons
  4 giant cockroaches
  7 goblins
  11 hobgoblins
  22 jackals
  A quokka (D:6)
  6 bats
  6 frilled lizards (Sewer)
  18 kobolds
  2 quokka skeletons
  13 rats
208 creatures vanquished.

Notes
Turn   | Place    | Note
-------+----------+-------------------------------------------
     0 | D:1      | glosham the Troll Berserker began the quest for the Orb.
     0 | D:1      | Reached XP level 1. HP: 22/22 MP: 0/0
    52 | D:1      | Reached XP level 2. HP: 29/29 MP: 1/1
    98 | D:1      | Reached skill level 3 in Axes
   202 | D:1      | Reached ** piety under Trog
   221 | D:1      | Reached XP level 3. HP: 36/36 MP: 2/2
   532 | D:2      | Noticed Jessica
   537 | D:2      | Killed Jessica
   537 | D:2      | Reached skill level 3 in Fighting
   541 | D:2      | Reached XP level 4. HP: 45/45 MP: 3/3
   763 | D:2      | Found a blossoming altar of Fedhas.
   769 | D:2      | Reached skill level 4 in Axes
   771 | D:2      | Noticed Terence
   784 | D:2      | Killed Terence
   784 | D:2      | Reached XP level 5. HP: 53/53 MP: 4/4
   797 | D:2      | Reached *** piety under Trog
  1393 | D:3      | Found an ancient bone altar of Kikubaaqudgha.
  1436 | D:3      | Found a glowing golden altar of the Shining One.
  1592 | D:4      | Noticed Edmund
  1601 | D:4      | Killed Edmund
  1601 | D:4      | Reached XP level 6. HP: 62/62 MP: 5/5
  1721 | D:4      | Reached skill level 5 in Axes
  1739 | D:5      | Entered Level 5 of the Dungeon
  1796 | D:5      | Reached skill level 4 in Fighting
  1846 | D:5      | Noticed a hippogriff
  1854 | D:5      | Killed a hippogriff
  1854 | D:5      | Reached skill level 6 in Axes
  1854 | D:5      | Reached XP level 7. HP: 45/70 MP: 6/6
  1906 | D:5      | Found a glowing drain.
  1918 | Sewer    | Entered a sewer
  2075 | Sewer    | Reached **** piety under Trog
  3048 | D:4      | Reached skill level 7 in Axes
  3207 | D:4      | Found Joafesala's Food Shop.
  3360 | D:6      | Reached XP level 8. HP: 54/78 MP: 7/7
  3373 | D:6      | Found a snail-covered altar of Cheibriados.
  3384 | D:6      | Noticed Duvessa
  3384 | D:6      | Noticed Dowan
  3391 | D:6      | Killed Duvessa
  3396 | D:6      | Killed Dowan
  3396 | D:6      | Reached skill level 8 in Axes
  3601 | D:6      | Reached skill level 9 in Axes
  3647 | D:6      | Found an opulent altar of Gozag.
  3662 | D:6      | Found a stormy altar of Qazlal.
  3709 | D:6      | Reached XP level 9. HP: 58/83 MP: 8/8
  3719 | D:6      | Found a sparkling altar of Nemelex Xobeh.
  3778 | D:6      | Found a bloodstained altar of Trog.
  3788 | D:6      | Reached ***** piety under Trog
  3893 | D:6      | Reached skill level 10 in Axes
  3973 | D:7      | Found a basalt altar of Yredelemnul.
  3990 | D:7      | Noticed salinator123's ghost (novice MiFi)
  4009 | D:7      | Killed salinator123's ghost
  4140 | D:7      | Reached skill level 11 in Axes
  4315 | D:7      | Found a staircase to the Ecumenical Temple.
  4351 | D:8      | Noticed Pikel
  4400 | D:8      | Found a hide-covered altar of Uskayaw.
  4469 | D:8      | Reached XP level 10. HP: 57/91 MP: 9/9
  4490 | D:8      | Noticed Erica
  4528 | D:8      | Killed Erica
  4528 | D:8      | Reached skill level 12 in Axes
  4552 | D:8      | HP: 6/92 [hippogriff (6)]
  4607 | D:8      | Noticed Psyche
  4622 | D:8      | HP: 10/138 [something/puff of frost (10)]
  4626 | D:8      | Slain by an ice beast

Skill      XL: |  1  2  3  4  5  6  7  8  9 10 |
---------------+-------------------------------+-----
Axes           | 3 4 6 7 9 11 12 | 12.3
Fighting       | 3 4 |  4.0
Dodging        | |  2.4

Action                   |  1- 3 |  4- 6 |  7- 9 | 10-12 || total
-------------------------+-------+-------+-------+-------++-------
Melee: Hand axe          |    94 |   117 |       |       ||   211
       Flail             |       |    25 |       |       ||    25
       War axe           |       |    15 |   308 |    38 ||   361
Throw: Tomahawk          |       |       |     4 |       ||     4
       Throwing net      |       |       |     1 |       ||     1
Invok: Berserk           |     1 |     2 |     7 |     2 ||    12
       Trog's Hand       |       |       |       |     1 ||     1
       Brothers in Arms  |       |       |       |     1 ||     1
Evoke: Wand              |       |       |    16 |     3 ||    19
  Use: Scroll            |     3 |     6 |    12 |     1 ||    22
       Potion            |       |       |       |    11 ||    11
 Stab: Sleeping          |       |       |     3 |       ||     3
       Confused          |       |       |     1 |       ||     1
       Paralysed         |       |       |     1 |       ||     1
  Eat: Chunk             |    10 |    16 |    31 |     3 ||    60
Armor: Animal skin       |    46 |    64 |   101 |     6 ||   217
Dodge: Dodged            |    58 |    80 |   149 |    13 ||   300

Table legend:
 A = Turns spent in this place as a percentage of turns spent in the entire game.
 B = Non-inter-level travel turns spent in this place as a percentage of non-inter-level travel turns spent in the entire game.
 C = Inter-level travel turns spent in this place as a percentage of turns spent in this place.
 D = Turns resting spent in this place as a percentage of non-inter-level travel turns spent in this place.
 E = Turns spent auto-exploring this place as a percentage of non-inter-level travel turns spent in this place.
 F = Non-inter-level travel turns spent in this place divided by the number of levels of this place that you've seen.
                   A       B       C       D       E      F
               +-------+-------+-------+-------+-------+----------------------
         Total | 100.0 | 100.0 |   9.7 |   0.1 |   0.0 | 464.0
       Dungeon |  94.2 |  93.6 |  10.3 |   0.1 |   0.0 | 488.6
         Sewer |   5.8 |   6.4 |   0.0 |   0.0 |   0.0 | 267.0
               +-------+-------+-------+-------+-------+----------------------

Table legend:
 A = Kills in this place as a percentage of kills in entire the game.
 B = Kills by you in this place as a percentage of kills by you in the entire game.
 C = Kills by friends in this place as a percentage of kills by friends in the entire game.
 D = Other kills in this place as a percentage of other kills in the entire game.
 E = Experience gained in this place as a percentage of experience gained in the entire game.
 F = Experience gained in this place divided by the number of levels of this place that you have seen.
                   A       B       C       D       E      F
               +-------+-------+-------+-------+-------+----------------------
         Total | 100.0 | 100.0 |   N/A |   N/A | 100.0 | 790.7
       Dungeon |  89.4 |  89.4 |   N/A |   N/A |  99.0 | 880.5
         Sewer |  10.6 |  10.6 |   N/A |   N/A |   1.0 |  72.0
               +-------+-------+-------+-------+-------+----------------------

Vault maps used:
D:1:      saegor_arrival_simple_f
D:2:      nicolae_overflow_crystal_walls, nrook_mini_vaults, uniq_terence,
          uniq_jessica
D:3:      kiku_gazebo_garden_becter, minmay_misc_feat_ornament, tso_metal_star
D:4:      cheibrodos_thug_alley, serial_shops, shop, uniq_edmund
D:5:      first_ration, gup_sewer_entry_bubbles
D:6:      kennysheep_mini, lemuel_doored_altar, kennysheep_mini_moat,
          gammafunk_temple_overflow_statue, uniq_duvessa
D:7:      yredelemnul_altar_generic, minmay_temple_entry_statues_fountains,
          grunt_ogre_cave
D:8:      vehumet_crystals, eat_drink_and_be_merry_uskayaw,
          nicolae_ashenzari_panopticon, uniq_pikel, uniq_psyche, uniq_erica
Sewer:    sewer_co_cracked_pipes
